 Dungeon Crawl Stone Soup version 0.27-a0-1291-geefcff550b (webtiles) character file.

Game seed: 1759053307870491893

378 Shayle the Gusty (level 6, -4/51 HPs)
             Began as a Draconian Air Elementalist on June 15, 2021.
             Slain by a hornet zombie (7 damage)
             ... on level 4 of the Dungeon.
             The game lasted 00:16:53 (6364 turns).

Shayle the Gusty (Draconian Air Elementalist)       Turns: 6364, Time: 00:16:54

Health: -4/51      AC: 13    Str: 10    XL:     6   Next: 45%
Magic:  8/9        EV: 12    Int: 17    God:
Gold:   209        SH:  3    Dex: 12    Spells: 2/9 levels left

rFire    . . .     SeeInvis .   m - +0 flail (protect)
rCold    . . .     Faith    .   d - +0 buckler
rNeg     . . .     Spirit   .   (armour unavailable)
rPois    .         Reflect  .   (helmet restricted)
rElec    .         Harm     .   (no cloak)
rCorr    .         Rampage  .   (no gloves)
Will     .....                  (no boots)
Stlth    ++........             (no amulet)
HPRegen  0.17/turn              (no ring)
MPRegen  0.11/turn              (no ring)

@: under a protective aura
A: AC +6, unfitting armour, cold-blooded
a: no special abilities


You were on level 4 of the Dungeon.
You visited 1 branch of the dungeon, and saw 4 of its levels.

You collected 209 gold pieces.

Inventory:

Hand Weapons
 f - a +0 long sword
 m - a +0 flail of protection (weapon)
Armour
 d - a +0 buckler (worn)
Wands
 b - a wand of flame (8)
Scrolls
 e - 2 scrolls of magic mapping
 j - 2 scrolls of fear
 k - a scroll of noise
Potions
 a - a potion of attraction
 i - a potion of mutation


   Skills:
 + Level 3.3 Fighting
 + Level 3.4 Dodging
 - Level 1.7 Stealth
 - Level 2.0 Spellcasting
 - Level 1.0 Conjurations
 * Level 5.6 Air Magic


You had 2 spell levels left.
You knew the following spells:

 Your Spells              Type           Power      Damage    Failure   Level
a - Shock                 Conj/Air       48%        1d6       9%          1
b - Static Discharge      Conj/Air       12%        N/A       13%         2
c - Airstrike             Air            10%        N/A       32%         4

Your spell library contained the following spells:

 Spells                   Type           Power      Damage    Failure   Level
 Sandblast                Erth           2%         2d4       32%         1
 Passwall                 Tmut/Erth      0%         N/A       43%         2
 Swiftness                Air            20%        N/A       10%         3
 Stone Arrow              Conj/Erth      6%         3d7       61%         3
 Lightning Bolt           Conj/Air       6%         1d18      93%         5
 Petrify                  Tmut/Erth      1%         N/A       97%         4
 Lee's Rapid Deconstruct  Erth           0%         3d5*      100%        5


Dungeon Overview and Level Annotations

Branches:
Dungeon (4/15)
 Temple: D:4-7

Altars:
Ashenzari
Hepliaklqana
Ru
Trog

Annotations:
D:4 Sigmund


Innate Abilities, Weirdness & Mutations

Your plain brown scales are hard. (AC +6)
You cannot fit into any form of body armour.
You are cold-blooded and may be slowed by cold attacks.


Message History

The hornet zombie is severely damaged.
The hornet zombie hits you but does no damage.
The hornet zombie hits you.
You hit the hornet zombie.
Your tail-slap misses the hornet zombie.
The hornet zombie is almost destroyed.
The hornet zombie misses you. The hornet zombie barely misses you.
You hit the hornet zombie but do no damage.
The hornet zombie is almost destroyed.
The hornet zombie closely misses you. You block the hornet zombie's attack.
You hit the hornet zombie.
The hornet zombie is almost destroyed.
The hornet zombie completely misses you.
The hornet zombie hits you.
* * * LOW HITPOINT WARNING * * *
You closely miss the hornet zombie.
The hornet zombie is almost destroyed.
The hornet zombie hits you.
* * * LOW HITPOINT WARNING * * *
The hornet zombie closely misses you.
You hit the hornet zombie but do no damage.
You tail-slap the hornet zombie, but do no damage.
The hornet zombie is almost destroyed.
The hornet zombie hits you.
* * * LOW HITPOINT WARNING * * *
The hornet zombie hits you but does no damage.
You closely miss the hornet zombie.
You tail-slap the hornet zombie, but do no damage.
The hornet zombie is almost destroyed.
The hornet zombie barely misses you. The hornet zombie hits you!
* * * LOW HITPOINT WARNING * * *
Casting: Static Discharge (safe; 13% risk of failure)
Confirm with . or Enter, or press ? or * to list all spells.
Aiming: Shock (safe; 9% risk of failure)
Press: ? - help, Shift-Dir - straight line, f - hornet zombie
Aim: a hornet zombie (almost destroyed, 72% to hit)
The zap hits the hornet zombie.
The hornet zombie is almost destroyed.
The hornet zombie hits you!
You die...

#.#####.......
#..........#.. #...........
##.# #........# g..g
#.K......# .........#K####
######### ....!.#.##.#
##........
..g.g.#.##.########.........
..g...#.#..))..Z@?........Z.
........##########..........
...........og.og............
......############....>.....
..... #)......... ....
##......... ### ##........
#######


You could see a hornet zombie.

Vanquished Creatures
  An ice beast (D:4)
  Ijyb (D:4)
  Terence (D:2)
  Robin (D:3)
  3 adders
  9 gnolls
  3 worms
  3 dart slugs
  5 orcs
  8 endoplasms
  4 giant cockroaches
  16 goblins
  7 hobgoblins
  12 kobolds
  4 quokkas
  7 ball pythons
  5 bats
  7 frilled lizards
  3 rats
100 creatures vanquished.

Vanquished Creatures (others)
  A fungus (D:3)
1 creature vanquished.

Grand Total: 101 creatures vanquished

Notes
Turn   | Place    | Note
-------+----------+-------------------------------------------
     0 | D:1      | Shayle the Draconian Air Elementalist began the quest for
                  | the Orb.
     0 | D:1      | Reached XP level 1. HP: 14/14 MP: 3/3
   411 | D:1      | Reached XP level 2. HP: 22/22 MP: 1/5
   573 | D:1      | Reached skill level 1 in Fighting
   878 | D:1      | Reached XP level 3. HP: 28/28 MP: 3/6
   991 | D:1      | Learned a level 2 spell: Static Discharge
  2181 | D:2      | Reached skill level 4 in Air Magic
  2287 | D:2      | Reached XP level 4. HP: 36/36 MP: 7/7
  3122 | D:2      | Reached XP level 5. HP: 35/42 MP: 0/8
  3323 | D:2      | Noticed Terence
  3340 | D:2      | Killed Terence
  3763 | D:3      | Found a broken altar of Ashenzari.
  4142 | D:3      | Found a hazy altar of Hepliaklqana.
  4173 | D:3      | Found a sacrificial altar of Ru.
  4430 | D:3      | Reached skill level 5 in Air Magic
  4600 | D:3      | Found a bloodstained altar of Trog.
  4780 | D:4      | Noticed an ice beast
  4846 | D:4      | Learned a level 4 spell: Airstrike
  4874 | D:4      | Noticed Robin
  5060 | D:3      | Identified a scroll of acquirement
  5060 | D:3      | Acquired a book of Geomancy
  5162 | D:4      | Noticed Sigmund
  5241 | D:4      | HP: 1/44 [ice beast (14)]
  5583 | D:4      | Killed an ice beast
  5584 | D:4      | Reached XP level 6. HP: 10/51 MP: 2/9
  5850 | D:4      | Noticed Ijyb
  5886 | D:4      | Killed Ijyb
  6177 | D:3      | Killed Robin
  6364 | D:4      | Slain by a hornet zombie

Illustrated notes

Levels and vault maps discovered:
D:1:      ncdulo_halloftheorcs, layout_basic
D:2:      wad_crossroads, layout_loops_ring, hangedman_abyss_or_decor_stabs,
          palyth_stone_intersect, uniq_terence
D:3:      layout_loops_corners, trog_butcher_becter,
          nicolae_ru_the_path_less_chosen, nicolae_ashenzari_skybound,
          nicolae_hepliaklqana_hippocampus, minmay_misc_feat_rows
D:4:      layout_rooms, uniq_sigmund, uniq_grinder, uniq_robin, uniq_ijyb

Skill      XL: |  1  2  3  4  5 |
---------------+----------------+-----
Dodging        | 2 3 |  3.4
Fighting       | 1 2 3 |  3.3
Air Magic      | 4 5 |  5.6
Stealth        | |  1.7
Spellcasting   | |  2.0
Conjurations   | |  1.0

Action                   |  1- 3 |  4- 6 || total
-------------------------+-------+-------++-------
Melee: Club              |    19 |       ||    19
       Unarmed           |     7 |       ||     7
       Tailslap          |     4 |    22 ||    26
       Whip              |     6 |       ||     6
       Long sword        |    35 |   139 ||   174
       Flail             |       |    64 ||    64
 Cast: Shock             |    47 |    27 ||    74
       Static Discharge  |     2 |    15 ||    17
       Airstrike         |       |     1 ||     1
  Use: Scroll            |     1 |     9 ||    10
       Potion            |       |     1 ||     1
 Stab: Sleeping          |     4 |     3 ||     7
Armor: Skin              |    28 |    91 ||   119
Dodge: Dodged            |    38 |   157 ||   195
Block: Buckler           |     2 |    27 ||    29
       Rpst.: Long sword |     5 |    32 ||    37

Table legend: (Time is in decaauts)
 A = Elapsed time spent in this place.
 B = Non-inter-level travel time spent in this place.
 C = Inter-level travel time spent in this place.
 D = Time resting spent in this place.
 E = Time spent auto-exploring this place.
 F = Levels seen in this place.
 G = Mean time per level.
                   A        B        C        D        E       F      G
               +--------+--------+--------+--------+--------+-----+--------+
         Total |   6495 |   6271 |    224 |   2369 |   2659 |   4 | 1623.8 |
       Dungeon |   6495 |   6271 |    224 |   2369 |   2659 |   4 | 1623.8 |
               +--------+--------+--------+--------+--------+-----+--------+

Top non-repeatable levels by time:
     D:3: 2185 daAuts
     D:2: 1998 daAuts
     D:1: 1718 daAuts
     D:4: 593 daAuts
